 Dungeon Sprint DCSS version 0.29-a0-506-ga2e7fffb44 (webtiles) character file.

Game seed: 4107575307584873897

560 mhtbhm the Cleaver (level 7, -2/74 HPs)
             Began as a Minotaur Berserker on May 28, 2022.
             Was an Elder of Trog.
             Killed from afar by a deep elf pyromancer (5 damage)
             ... with a bolt of fire
             ... in the Dungeon (Sprint III: "The Ten Rune Challenge").
             The game lasted 00:01:05 (488 turns).

mhtbhm the Cleaver (Minotaur Berserker)              Turns: 488, Time: 00:01:06

Health: -2/74      AC:  2    Str: 21    XL:     7   Next: 9%
Magic:  6/6        EV: 13    Int:  4    God:    Trog [****..]
Gold:   15         SH:  0    Dex: 10    Spells: 6/6 levels left

rFire   . . .      SeeInvis .   a - +0 hand axe
rCold   . . .      Faith    .   (no shield)
rNeg    . . .      Spirit   .   b - +0 animal skin
rPois   .          Reflect  .   (helmet restricted)
rElec   .          Harm     .   (no cloak)
rCorr   .          Rampage  .   (no gloves)
Will    .....      NoTele   +   (no boots)
Stlth   +.........              (no amulet)
HPRegen 0.22/turn               (no ring)
MPRegen 0.10/turn               (no ring)

@: on berserk cooldown, slowed, very slow
A: horns 2, retaliatory headbutt, fangs 1, weak 1, wild magic 1
a: Renounce Religion, Berserk, Trog's Hand, Brothers in Arms


You were in the Dungeon.
You worshipped Trog.
Trog was greatly pleased with you.
You visited 1 branch You collected 15 gold pieces.

Inventory:

Hand Weapons
 a - a +0 hand axe (weapon)
Armour
 b - a +0 animal skin (worn)
Wands
 i - a wand of polymorph (8)
Scrolls
 h - a scroll of blinking
 j - a scroll of immolation {unknown}
 k - a scroll of identify {unknown}
 m - a scroll of poison {unknown}
 n - a scroll of silence {unknown}
Potions
 e - a potion of haste
 f - 2 potions of magic
 g - 2 potions of berserk rage
 l - a potion of flight {unknown}
 o - a potion of ambrosia {unknown}
 p - a potion of might


   Skills:
 + Level 11.3 Fighting
 + Level 13.1 Axes
 + Level 5.1 Armour
 + Level 5.7 Dodging
 + Level 0.7 Stealth


You had 6 spell levels left.
You didn't know any spells.
Your spell library was empty.

Dungeon Overview and Level Annotations

Branches:
Dungeon (1/1)

Altars:
Dithmenos
Elyvilon
Kikubaaqudgha
Okawaru
Ru
Sif Muna
Trog
Uskayaw
Vehumet
Wu Jian
Yredelemnul
Zin
The Shining One
Beogh


Innate Abilities, Weirdness & Mutations

You have a pair of horns on your head.
You reflexively headbutt those who attack you in melee.
You have very sharp teeth.
You are weak. (Str -2)
Your spells are a little harder to cast, but a little more powerful.


Message History

The fire elemental is destroyed!
The fire elemental disappears in a puff of smoke!
Your ogre hits the fire elemental with a +0 giant club!!
Unknown command.
Press < or > to pray at altars.
You closely miss the fire elemental.
Your headbutt misses the fire elemental.
The fire elemental is heavily damaged.
The fire elemental hits you. The fire elemental burns you!
* * * LOW HITPOINT WARNING * * *
Your ogre barely misses the fire elemental.
The fire elemental hits you.
* * * LOW HITPOINT WARNING * * *
The fire elemental burns you!
* * * LOW HITPOINT WARNING * * *
You barely miss the fire elemental.
The fire elemental is heavily damaged.
Your ogre hits the fire elemental with a +0 giant club!!!
The fire elemental is destroyed!
The fire elemental disappears in a puff of smoke!
Unknown command.
Press < or > to pray at altars.
The fire elemental hits your ogre. The fire elemental burns your ogre!
Your ogre hits the fire elemental with a +0 giant club!!!
The fire elemental is destroyed!
The fire elemental disappears in a puff of smoke!
There is an iron altar of Okawaru here.
Unknown command.
Press < or > to pray at altars.
You start resting.
A deep elf pyromancer is nearby!
Unknown command.
Press < or > to pray at altars.
Your ogre closely misses the deep elf pyromancer.
The deep elf pyromancer casts a spell at you.
The bolt of fire hits your ogre!!!
Your ogre dies!
Your ogre's corpse disappears in a puff of smoke!
The bolt of fire hits you.
You die...

▓▓▓▓▓▓ ▓▓▓ .....♣♣
♣.############ ....♣.♣
♣.#___#@__#__# ....♣.♣
♣♣.#!..#__)#._# ....≈.♣
♣..###'#§###)##
...≈≈.♣♣♣..#...!e.....#
..≈≈≈≈.♣♣♣.'.⌠....E.E.#
..≈≈≈≈≈≈♣..#...######+#
.≈≈≈≈≈≈....#.⌠.#
.≈≈≈≈≈.....#...#
.≈†≈.......#'###


You could see a deep elf pyromancer.

Vanquished Creatures
  A water elemental (D)
  A necrophage (D)
  A scorpion (D)
  A necromancer (D)
  A wizard (D)
  A kobold demonologist (D)
  3 humans (D)
  An endoplasm (D)
  3 rats (D)
13 creatures vanquished.

Notes
Turn   | Place    | Note
-------+----------+-------------------------------------------
     0 | D        | mhtbhm the Minotaur Berserker began the quest for the Orb.
     0 | D        | Reached XP level 1. HP: 19/19 MP: 0/0
     6 | D        | Reached skill level 4 in Axes
    52 | D        | Reached ** piety under Trog
    74 | D        | Noticed a scorpion
    83 | D        | Killed a scorpion
    84 | D        | Reached skill level 7 in Axes
    84 | D        | Reached XP level 2. HP: 31/31 MP: 1/1
    84 | D        | Reached XP level 3. HP: 38/38 MP: 2/2
    91 | D        | Reached XP level 4. HP: 47/47 MP: 3/3
   145 | D        | Gained mutation: You have a somewhat thin skeletal
                  | structure. (Dex +2, Stealth+) [potion of mutation]
   145 | D        | Gained mutation: Your spells are a little harder to cast,
                  | but a little more powerful. [potion of mutation]
   145 | D        | Gained mutation: Your body sometimes deteriorates upon
                  | taking damage. [potion of mutation]
   146 | D        | Lost mutation: You have a somewhat thin skeletal structure.
                  | (Dex +2, Stealth+) [potion of mutation]
   146 | D        | Lost mutation: Your body sometimes deteriorates upon taking
                  | damage. [potion of mutation]
   146 | D        | Gained mutation: You are weak. (Str -2) [potion of
                  | mutation]
   146 | D        | Gained mutation: You have very sharp teeth. [potion of
                  | mutation]
   249 | D        | Noticed a water elemental
   253 | D        | Killed a water elemental
   253 | D        | Reached *** piety under Trog
   254 | D        | Reached skill level 9 in Axes
   254 | D        | Reached XP level 5. HP: 53/53 MP: 4/4
   313 | D        | Found a basalt altar of Yredelemnul.
   313 | D        | Found a shadowy altar of Dithmenos.
   313 | D        | Found a sacrificial altar of Ru.
   323 | D        | Reached skill level 10 in Axes
   413 | D        | Found a radiant altar of Vehumet.
   413 | D        | Found a shimmering blue altar of Sif Muna.
   413 | D        | Found an ancient bone altar of Kikubaaqudgha.
   417 | D        | Reached **** piety under Trog
   423 | D        | Reached skill level 11 in Axes
   423 | D        | Reached XP level 6. HP: 58/64 MP: 5/5
   453 | D        | Found a hide-covered altar of Uskayaw.
   453 | D        | Found an iron altar of Okawaru.
   453 | D        | Found a bloodstained altar of Trog.
   453 | D        | Found an ornate altar of the Wu Jian Council.
   453 | D        | Noticed a human
   453 | D        | Noticed a human
   454 | D        | Found a glowing silver altar of Zin.
   454 | D        | Found a glowing golden altar of the Shining One.
   454 | D        | Found a white marble altar of Elyvilon.
   454 | D        | Noticed a deep elf pyromancer
   464 | D        | Killed a human
   465 | D        | Reached skill level 10 in Fighting
   465 | D        | Reached skill level 12 in Axes
   465 | D        | Reached skill level 5 in Dodging
   473 | D        | Killed a human
   474 | D        | Reached skill level 13 in Axes
   474 | D        | Reached skill level 5 in Armour
   474 | D        | Reached XP level 7. HP: 74/74 MP: 6/6
   480 | D        | Noticed a fire elemental
   480 | D        | Noticed a fire elemental
   482 | D        | Noticed a fire elemental
   482 | D        | Noticed a fire elemental
   484 | D        | HP: 2/74 [fire elemental[a deep elf pyromancer] (14)]
   488 | D        | Killed from afar by a deep elf pyromancer

Illustrated notes

Levels and vault maps discovered:
D:        dungeon_sprint_mu [sprint_mu_entry_forest, sprint_mu_temple_rooms,
          sprint_mu_d1_spiders, sprint_mu_d2_genie, sprint_mu_d3_branching,
          sprint_mu_orc_legion, sprint_mu_elf_gauntlet, sprint_mu_hive_nellie,
          sprint_mu_lair_fedhas, sprint_mu_vaults_butterflies,
          sprint_mu_slime_circle, sprint_mu_swamp_cave, sprint_mu_snake_twists,
          sprint_mu_blade_basic, sprint_mu_crypt_fortress,
          sprint_mu_tomb_spiral, sprint_mu_vestibule_basic,
          sprint_mu_gehenna_hellfire, sprint_mu_dis_giant,
          sprint_mu_tartarus_statrot, sprint_mu_cocytus_islands, sprint_mu_zot1]

Skill      XL: |  1  2  3  4  5  6 |
---------------+-------------------+-----
Fighting       | 6 7 8 9 11 | 11.3
Axes           | 7 9 11 13 | 13.1
Armour         | 3 4 5 |  5.1
Dodging        | 3 4 5 |  5.7
Stealth        | |  0.7

Action                   |  1- 3 |  4- 6 |  7- 9 || total
-------------------------+-------+-------+-------++-------
Melee: Hand axe          |    14 |    37 |     4 ||    55
       Headbutt          |       |     4 |     1 ||     5
       Bite              |       |     4 |       ||     4
Invok: Berserk           |     1 |     2 |       ||     3
       Brothers in Arms  |       |       |     1 ||     1
  Use: Potion            |       |     2 |     2 ||     4
Armor: Animal skin       |     1 |     2 |     1 ||     4
Dodge: Dodged            |     6 |    11 |     3 ||    20

Table legend: (Time is in decaauts)
 A = Elapsed time spent in this place.
 B = Non-inter-level travel time spent in this place.
 C = Inter-level travel time spent in this place.
 D = Time resting spent in this place.
 E = Time spent auto-exploring this place.
 F = Levels seen in this place.
 G = Mean time per level.
                   A        B        C        D        E       F      G
               +--------+--------+--------+--------+--------+-----+--------+
         Total |    498 |    498 |      0 |    320 |      1 |   1 |  498.0 |
       Dungeon |    498 |    498 |      0 |    320 |      1 |   1 |  498.0 |
               +--------+--------+--------+--------+--------+-----+--------+

Top non-repeatable levels by time:
       D: 498 daAuts
